 Dungeon Crawl Stone Soup version 0.29.0-15-g675c0067aa (webtiles) character file.

Game seed: 7608827344268393839

1 qw the Sneak (level 1, -5/14 HPs)
             Began as a Gargoyle Delver on Sept 11, 2022.
             Killed from afar by a white imp (6 damage)
             ... with a puff of frost
             ... on level 5 of the Dungeon.
             The game lasted 00:00:02 (83 turns).

qw the Sneak (Gargoyle Delver)                        Turns: 83, Time: 00:00:02

Health: -5/14      AC:  5    Str: 15    XL:     1   Next: 20%
Magic:  1/1        EV: 11    Int: 10    God:
Gold:   7          SH:  0    Dex: 11    Spells: 0/0 levels left

rFire   . . .      SeeInvis .   a - +0 hand axe
rCold   . . .      Faith    .   (no shield)
rNeg    + . .      Spirit   .   b - +0 leather armour
rPois   inf        Reflect  .   (no helmet)
rElec   +          Harm     .   (no cloak)
rCorr   .          Rampage  .   (no gloves)
Will    .....                   (no boots)
Stlth   +++.......              (no amulet)
HPRegen 0.04/turn               (no ring)
MPRegen 0.07/turn               (no ring)

@: no status effects
A: sickness immunity, AC +2, negative energy resistance 1, electricity
resistance, torment resistance 1, petrification resistance
a: no special abilities


You were on level 5 of the Dungeon.
You visited 1 branch of the dungeon, and saw 1 of its levels.

You collected 7 gold pieces.


Innate Abilities, Weirdness & Mutations

You are immune to sickness and miasma.
Your stone body is resilient. (AC +2)
You are immune to poison.
You resist negative energy. (rN+)
You are resistant to electric shocks. (rElec)
You are resistant to unholy torment.
You are immune to petrification.


   Skills:
 - Level 3.2 Fighting
 + Level 1.9 Axes
 - Level 1.5 Dodging
 - Level 5.4 Stealth


You couldn't memorise any spells.
You didn't know any spells.
Your spell library was empty.

Inventory:

Hand Weapons
 a - a +0 hand axe (weapon)
Armour
 b - a +0 leather armour (worn)
Wands
 g - a wand of digging (3)
Scrolls
 c - a scroll of fog
 d - a scroll of magic mapping
 e - a scroll of fear
Potions
 f - a potion of haste

Dungeon Overview and Level Annotations

Branches:
Dungeon (5/15)
 Temple: D:4-7

Altars:


Message History

Welcome, qw the Gargoyle Delver.
They say the Orb of Zot lies within this dungeon, but they say a lot of things.
Press ? for a list of commands and other information.
Found a stone staircase leading down.
Assign waypoint to what number? (0-9) Waypoint 2 assigned to D:5.
0 ||| PLANNING D:1-11 A quokka comes into view.
The quokka bites you but does no damage.
You closely miss the quokka. The quokka misses you.
You miss the quokka. The quokka misses you. The quokka closely misses you.
You hit the quokka.
The quokka is lightly wounded.
The quokka bites you but does no damage.
You hit the quokka.
You kill the quokka!
You see here a quokka corpse.
Found a scroll of magic mapping.
You now have 7 gold pieces.
Found a book of Displacement.
You see here a book of Displacement.
You hear the slow hiss of a very distant avalanche of sand.
You see here a scroll of magic mapping.
An iguana and a white imp come into view.
The white imp shouts!
A necrophage comes into view.
Enter note:
76 ||| Stepping ~*~*~tactically~*~*~ (hiding).
You start waiting.
A white imp is nearby!
The iguana hisses angrily.
The white imp gestures at you. The puff of frost hits you!
Ouch! That really hurt!
The iguana bites you. The white imp gestures at you.
The puff of frost hits you.
You die...

## ..... ..
....### #.#
....... #..##
.......
###.... .....
.......#.#.##
.......5l...#
#..@.#
##..#####.#
####........#
#.....#######
###...#.....#
#.+...##....#
#.#...##....##
#.#..........#
##.#
#.###.##.....#
#...


You could see an iguana and a white imp.

Vanquished Creatures
  A quokka (D:5)
1 creature vanquished.

Notes
Turn   | Place    | Note
-------+----------+-------------------------------------------
     0 | D:5      | qw the Gargoyle Delver began the quest for the Orb.
     0 | D:5      | Reached XP level 1. HP: 14/14 MP: 1/1
     0 | D:5      | 0 ||| qw: Version: 0.1-a-118-gb4e7ce6
     0 | D:5      | 0 ||| qw: Game counter: 10612
     0 | D:5      | 0 ||| qw: Always use a shield: true
     0 | D:5      | 0 ||| qw: God list: Okawaru
     0 | D:5      | 0 ||| qw: Allow faded altars: false
     0 | D:5      | 0 ||| qw: Do Orc after D:15 true
     0 | D:5      | 0 ||| qw: Do second Lair branch before Depths: true
     0 | D:5      | 0 ||| qw: Lair rune preference: random
     0 | D:5      | 0 ||| qw: Plans: Normal
     0 | D:5      | 0 ||| PLANNING D:1-11
    75 | D:5      | Noticed an iguana
    75 | D:5      | Noticed a necrophage
    76 | D:5      | 76 ||| Stepping ~*~*~tactically~*~*~ (hiding).
    82 | D:5      | HP: 3/14 [white imp/puff of frost (11)]
    83 | D:5      | HP: 1/14 [iguana (2)]
    83 | D:5      | Killed from afar by a white imp

Levels and vault maps discovered:
D:5:      layout_basic, trog_hazing_becter, enter_ossuary_4,
          kennysheep_generic_room_3, uniq_edmund, uniq_prince_ribbit1

Action                   || total
-------------------------++-------
Melee: Hand axe          ||     4
Armor: Leather armour    ||     2
Dodge: Dodged            ||     3

Table legend:
 A = Non-vault XP
 B = Vault XP
 C = Vault XP percentage of total XP
 D = Non-vault monster count
 E = Vault monster count
 F = Vault count percentage of total count
                 A         B        C        D         E       F
            +---------+---------+-------+---------+---------+-------
      Total |       2 |       0 |   0.0 |       1 |       0 |   0.0
            +---------+---------+-------+---------+---------+-------
        D:5 |       2 |       0 |   0.0 |       1 |       0 |   0.0
            +---------+---------+-------+---------+---------+-------
